 Dungeon Crawl Stone Soup version 0.28.0 (webtiles) character file.

Game seed: 6204309630308527215

51 Gabide the Insei (level 3, 0/20 HPs)
             Began as a Vine Stalker Monk on Feb 15, 2022.
             Succumbed to an adder's poison
             ... on level 2 of the Dungeon.
             The game lasted 00:01:52 (2288 turns).

Gabide the Insei (Vine Stalker Monk)                Turns: 2288, Time: 00:01:52

Health: 0/20       AC:  2    Str: 13    XL:     3   Next: 83%
Magic:  4/4        EV: 13    Int: 10    God:
Gold:   41         SH:  0    Dex: 18    Spells: 2/2 levels left

rFire   + . .      SeeInvis .     - Unarmed
rCold   + . .      Faith    .   (no shield)
rNeg    . . .      Spirit   +   a - +0 robe
rPois   +          Reflect  .   (no helmet)
rElec   +          Harm     .   (no cloak)
rCorr   +          Rampage  .   (no gloves)
Will    .....                   (no boots)
Stlth   ++........              (no amulet)
HPRegen 0.06/turn               (no ring)
MPRegen 0.09/turn               (no ring)

@: lethally poisoned (0 -> -3), resistant
A: fangs 2, magic shield, antimagic bite, no potion heal 2
a: no special abilities


You were on level 2 of the Dungeon.
You visited 1 branch of the dungeon, and saw 2 of its levels.

You collected 41 gold pieces.

Inventory:

Armour
 a - a +0 robe (worn)
Scrolls
 b - 2 scrolls of teleportation
 e - a scroll of identify {unknown}


   Skills:
 * Level 3.1 Fighting
 * Level 2.9 Dodging
 - Level 2.4 Stealth
 * Level 3.8 Unarmed Combat


You had 2 spell levels left.
You didn't know any spells.
Your spell library contained the following spells:

 Spells                   Type           Power      Damage    Failure   Level
 Frozen Ramparts          Ice            0%         1d2       75%         3
 Ice Form                 Ice/Tmut       0%         N/A       98%         4
 Summon Ice Beast         Ice/Summ       0%         N/A       98%         4


Dungeon Overview and Level Annotations

Branches:
Dungeon (2/15)

Altars:


Innate Abilities, Weirdness & Mutations

You have extremely sharp teeth.
When hurt, damage is shared between your health and your magic reserves.
Your bite disrupts and absorbs the magic of your enemies.
Potions cannot restore your health.


Message History

The adder is moderately wounded.
The adder closely misses you.
You hit the adder. Your punch misses the adder. You bite the adder.
You drain its power.
The adder is heavily wounded.
The adder bites you.
You are poisoned.
The adder poisons you!
You closely miss the adder. Your bite misses the adder.
The adder is heavily wounded.
You feel sick. The adder bites you.
You are lethally poisoned!
The adder poisons you!
You hit the adder. Your bite misses the adder.
The adder is heavily wounded.
You feel sick. The adder barely misses you.
You are too injured to fight recklessly!
There is a lethal amount of poison in your body!
There is a lethal amount of poison in your body!
There is a lethal amount of poison in your body!
You hit the adder. Your punch misses the adder. Your bite misses the adder.
The adder is heavily wounded.
You feel sick. The adder misses you.
You hit the adder.
You kill the adder!
* * * LOW HITPOINT WARNING * * *
You feel sick.
* * * LOW HITPOINT WARNING * * *
You feel sick.
* * * LOW HITPOINT WARNING * * *
You feel sick.
There is a lethal amount of poison in your body!
It was a potion of resistance.
You feel protected.
* * * LOW HITPOINT WARNING * * *
You feel sick.
As you read the scroll labelled QAUSUTILAS, it crumbles to dust.
You feel aware of your surroundings.
You sensed 1 altar, and 1 shop/portal.
It was a scroll of magic mapping.
You die...

.......,,,,,,,,,,,,,,,,,,,,,,,,*
.......,#...#*****,,,,,,,,,,,,,**
.......,#...# *,,,,*+*****+*,,
†......,#...# *,,,,*,* *,*,*
...#+##*#...# *,,,,*,* *,*,*
####.# #..(# *,*,,*,* *,*,*
..<#†# #...# *,#,,,.*****,*,*
####<####..(######.#....,,,,,,*,*
........'.......@....>#,,,,,,,,,*
#########...#########$..*********
#####^,,,,* *,,,*<,,,,,,,
*,,,,,***,,,*********
*,,,,,+,,,,,* *,,,,,****,,*
######## *,,,,,* *,,** .......#
*,,,,,* **,,* .......# *,,,,,*
*,,*


There were no monsters in sight!

Vanquished Creatures
  An adder (D:2)
  A worm (D:1)
  2 dart slugs (D:2)
  2 endoplasms (D:1)
  3 goblins (D:1)
  2 hobgoblins
  7 jackals (D:1)
  A kobold (D:2)
  2 quokkas (D:1)
  4 ball pythons (D:1)
  3 bats
  2 frilled lizards (D:1)
  3 rats
33 creatures vanquished.

Notes
Turn   | Place    | Note
-------+----------+-------------------------------------------
     0 | D:1      | Gabide the Vine Stalker Monk began the quest for the Orb.
     0 | D:1      | Reached XP level 1. HP: 11/11 MP: 2/2
   709 | D:1      | Reached XP level 2. HP: 16/16 MP: 3/3
  1760 | D:1      | Reached XP level 3. HP: 15/20 MP: 4/4
  2287 | D:2      | HP: 1/20 [poisoned by an adder]
  2288 | D:2      | Succumbed to an adder's poison

Illustrated notes

Levels and vault maps discovered:
D:1:      lightli_arrival_statue_moat, layout_basic
D:2:      layout_basic, serial_shops, shop_fountains, basic_altar,
          minmay_cut_off

Skill      XL: |  1  2 |
---------------+-------+-----
Fighting       | 3 |  3.1
Dodging        | |  2.9
Stealth        | |  2.4
Unarmed Combat | |  3.8

Action                   || total
-------------------------++-------
Melee: Unarmed           ||    80
       Bite              ||    15
       Punch             ||     1
  Use: Scroll            ||     2
       Potion            ||     1
 Stab: Sleeping          ||     8
Armor: Robe              ||    10
Dodge: Dodged            ||    54
